 Dungeon Crawl Stone Soup version 0.31.0-12-g77e489cdc1 (webtiles) character file.

Game seed: 4622285708985532808

328 Peloso the Slasher (level 6, -3/79 HPs)
             Began as a Minotaur Fighter on Mar 6, 2024.
             Incinerated by a bombardier beetle (5 damage)
             ... with a burning spray
             ... on level 4 of the Dungeon.
             The game lasted 00:05:16 (2847 turns).

Peloso the Slasher (Minotaur Fighter)               Turns: 2847, Time: 00:05:19

Health: -3/79      AC: 23    Str: 20    XL:     6   Next: 25%
Magic:  5/5        EV:  2    Int:  5    God:
Gold:   71         SH:  5    Dex: 12    Spells: 5/5 levels left

rFire   . . .        a - +0 long sword (flame)
rCold   . . .        d - +0 buckler
rNeg    . . .        b - melded +0 scale mail
rPois   +            (helmet currently unavailable)
rElec   .            (cloak currently unavailable)
rCorr   .            l - melded +0 pair of gloves
SInv    .            c - melded +0 pair of boots
Will    .....        (no amulet)
Stlth   +            (no ring)
HPRegen 0.33/turn    (no ring)
MPRegen 0.09/turn

%: no passive effects
@: lethally poisoned (-3 -> -5), on fire, tree-form, glowing
A: stationary, stasis, torment immunity, boosted hp, (horns 2), (retaliatory
headbutt)
a: no special abilities


You were on level 4 of the Dungeon.
You were a tree.
You visited 1 branch of the dungeon, and saw 4 of its levels.

You collected 146 gold pieces.
You spent 75 gold pieces at shops.

Inventory:

Hand Weapons
 a - a +0 long sword of flaming (weapon)
Missiles
 g - 2 throwing nets (quivered)
Armour
 b - a +0 scale mail (melded)
 c - a +0 pair of boots (melded)
 d - a +0 buckler (worn)
 l - a +0 pair of gloves (melded)
Scrolls
 f - a scroll of fog {unknown}
Potions
 h - a potion of might
 i - a potion of cancellation


   Skills:
 + Level 4.6 Fighting
 + Level 5.6 Long Blades
 + Level 5.0 Armour
 + Level 1.6 Dodging
 + Level 0.2 Stealth
 + Level 4.2 Shields


You had 5 spell levels left.
You didn't know any spells.
Your spell library contained the following spells:

 Spells                   Type           Power      Damage    Failure   Level
 Dazzling Flash           Conj/Hex       0%         N/A       89%         3
 Mephitic Cloud           Conj/Alch/Air  0%         N/A       89%         3
 Curse of Agony           Necr           0%         N/A       100%        5
 Silence                  Hex/Air        0%         N/A       100%        5


Dungeon Overview and Level Annotations

Branches:
Dungeon (4/15)             Temple (0/1) D:4

Altars:
Fedhas
Hepliaklqana
Kikubaaqudgha
Trog
Vehumet
Zin

Shops:
D:2 *

Annotations:
D:4 Ijyb


Innate Abilities, Weirdness & Mutations

You are a tree.
Your roots penetrate the ground, keeping you stationary.
You cannot be teleported.
You are immune to unholy pain and torment.
Your maximum health is greatly increased.
Your equipment is partially melded.
((You have a pair of horns on your head.))
((You reflexively headbutt those who attack you in melee.))


Message History

You closely miss the orc. You headbutt the orc, but do no damage.
The liquid fire burns you!
You feel sick.
A ball python comes into view.
The ribbon worm expels a string of sticky webbing.
The stream of webbing hits you but does no damage.
You are caught in a web!
The orc hits you but does no damage.
You struggle to detach yourself from the web.
The liquid fire burns you!
You feel sick.
The ball python hisses angrily.
The orc hits you but does no damage. The orc barely misses you.
The web tears apart.
The liquid fire burns you!
* * * LOW HITPOINT WARNING * * *
You feel sick. The ribbon worm misses you. The orc hits you but does no damage.
You block the orc's attack.
You hit the orc. You burn the orc.
The orc is heavily wounded.
The liquid fire burns you!
* * * LOW HITPOINT WARNING * * *
You feel sick.
A hound comes into view.
You block the orc's attack. The orc hits you with a +0 flail.
* * * LOW HITPOINT WARNING * * *
The ribbon worm closely misses you.
The hound moves out of view.
You shake off some of the fire as you move.
The liquid fire burns you!
* * * LOW HITPOINT WARNING * * *
x2 You feel sick.
The hound barks!
There is a stone staircase leading up here.
Unknown command.
It was a potion of lignification.
You turn into a tree.
Your +0 pair of gloves melds into your body.
Your +0 pair of boots melds into your body.
Your +0 scale mail melds into your body.
Your roots penetrate the ground.
The liquid fire burns you!
You die...

.... .h.. ## ...
...#.. ... ....
.... ##... .....
.. #..S###.....
....#...#.......
.......♣o.$.....
......Sow.......
........).......
...#.....$......
.. #...<........
. ....##.♣♣.....
.....$# .###.
♣♣♣ ♣....
......#. #. ♣...
........ ...


You could see a ribbon worm, a hound, 2 orcs and 2 ball pythons.

Vanquished Creatures
  A bombardier beetle (D:4)
  2 jellies (D:3)
  Natasha (twice) (D:2)
  5 adders
  4 gnolls (D:2)
  A dart slug (D:1)
  5 ribbon worms
  4 orcs
  13 endoplasms
  2 giant cockroaches
  6 goblins
  8 hobgoblins
  5 quokkas
  5 ball pythons
  5 bats
  8 kobolds
  8 rats
84 creatures vanquished.

Notes
Turn   | Place    | Note
-------+----------+-------------------------------------------
     0 | D:1      | Peloso the Minotaur Fighter began the quest for the Orb.
     0 | D:1      | Reached XP level 1. HP: 19/19 MP: 0/0
   119 | D:1      | Reached XP level 2. HP: 3/27 MP: 1/1
   889 | D:2      | Noticed Natasha
   905 | D:2      | Killed Natasha
   906 | D:2      | Reached XP level 3. HP: 21/33 MP: 2/2
   928 | D:2      | Noticed Natasha
   938 | D:2      | Killed Natasha
   939 | D:2      | Reached XP level 4. HP: 26/40 MP: 3/3
  1223 | D:2      | Found Ecuvat Cyag's Assorted Antiques.
  1390 | D:2      | Reached XP level 5. HP: 46/46 MP: 4/4
  1796 | D:2      | Bought a scroll labelled PUSHIS XOEGRE for 25 gold pieces
  1796 | D:2      | Bought a scroll labelled ASAGYE CYRAA for 25 gold pieces
  1796 | D:2      | Bought a scroll labelled MOT DITUAXIPOI for 25 gold pieces
  1897 | D:3      | Reached skill level 1 in Dodging
  1918 | D:3      | Reached skill level 5 in Long Blades
  2005 | D:3      | Found a faded altar of an unknown god.
  2648 | D:3      | Found a glowing silver altar of Zin.
  2648 | D:3      | Found a blossoming altar of Fedhas.
  2648 | D:3      | Found a radiant altar of Vehumet.
  2648 | D:3      | Found an ancient bone altar of Kikubaaqudgha.
  2648 | D:3      | Found a hazy altar of Hepliaklqana.
  2648 | D:3      | Found a bloodstained altar of Trog.
  2673 | D:3      | Reached skill level 5 in Armour
  2673 | D:3      | Reached XP level 6. HP: 49/53 MP: 5/5
  2759 | D:4      | Noticed Ijyb
  2834 | D:4      | Found a staircase to the Ecumenical Temple.
  2846 | D:4      | HP: 2/53 [burnt (6)]
  2847 | D:4      | Incinerated by a bombardier beetle

Illustrated notes

Levels and vault maps discovered:
D:1:      eino_arrival_cavern_a, layout_basic, minmay_misc_feat_secret_circle,
          minmay_pentomino_s2
D:2:      minmay_diamond_boxcup, layout_loops_cross, serial_shops,
          nicolae_shop_waterfront, dreamdust_mushroom_princess,
          serial_bayou_pond_e, minivault_23, uniq_natasha
D:3:      cheibrodos_fertilizer, layout_basic, ebering_ecumenical_altar_hall
D:4:      layout_rooms, minmay_temple_entry_tees, minivault_4,
          serial_bayou_lake_a, uniq_ijyb

Skill      XL: |  1  2  3  4  5 |
---------------+----------------+-----
Armour         | 4 5 |  5.0
Long Blades    | 3 4 5 |  5.6
Fighting       | 4 |  4.6
Shields        | 4 |  4.2
Dodging        | 1 |  1.6
Stealth        | |  0.2

Action                     |  1- 3 |  4- 6 || total
---------------------------+-------+-------++-------
  Melee: Long sword        |    69 |   139 ||   208
         Headbutt          |     5 |    19 ||    24
    Use: Scroll            |     2 |     6 ||     8
         Potion            |       |     1 ||     1
 Armour: Scale mail        |    62 |    89 ||   151
  Dodge: Dodged            |    40 |    77 ||   117
  Block: Buckler           |    13 |    29 ||    42
